 Dungeon Crawl Stone Soup version 0.31.0-11-ge490571c62 (webtiles) character file.

Game seed: 11895448044102978827

86 Gadfly the Ducker (level 4, -10/35 HPs)
             Began as a Demonspawn Monk on Jan 28, 2024.
             Mangled by an ogre
             ... wielding a +0 giant club
              (22 damage)
             ... on level 3 of the Dungeon.
             The game lasted 00:02:40 (2032 turns).

Gadfly the Ducker (Demonspawn Monk)                 Turns: 2032, Time: 00:02:41

Health: -10/35     AC:  4    Str: 14    XL:     4   Next: 26%
Magic:  4/4        EV: 13    Int: 10    God:
Gold:   166        SH:  0    Dex: 15    Spells: 3/3 levels left

rFire   . .          .
                       - Unarmed
rCold   . . .        c - orb {light}
rNeg    . . .        a - +0 robe
rPois   .            (no helmet)
rElec   .            (no cloak)
rCorr   .            (no gloves)
SInv    .            (no boots)
Will    .....        (no amulet)
Stlth   +            f - ring of flight
HPRegen 0.25/turn    (no ring)
MPRegen 0.09/turn

%: no passive effects
@: flying, glowing
A: molten scales 1, foul stench 1, weakness stinger 1
a: no special abilities


You were on level 3 of the Dungeon.
You visited 1 branch of the dungeon, and saw 3 of its levels.

You collected 166 gold pieces.

Inventory:

Armour
 a - a +0 robe (worn)
 c - an orb of light (worn)
Jewellery
 f - a ring of flight (left hand)
Wands
 g - a wand of polymorph (12) (quivered)
Scrolls
 d - a scroll of identify
 e - a scroll of fear
 h - a scroll of summoning
Potions
 b - 2 potions of ambrosia
 i - a potion of lignification


   Skills:
 - Level 3.0 Fighting
 + Level 3.1 Dodging
 + Level 3.0 Unarmed Combat
 * Level 2.2 Evocations
 * Level 1.6 Shapeshifting


You had 3 spell levels left.
You didn't know any spells.
Your spell library contained the following spells:

 Spells                   Type           Power      Damage    Failure   Level
 Sting                    Conj/Alch      0%         1d3       36%         1
 Mercury Vapours          Alch/Air       0%         N/A       50%         2
 Dazzling Flash           Conj/Hex       0%         N/A       75%         3
 Sigil of Binding         Hex            0%         N/A       75%         3
 Olgreb's Toxic Radiance  Alch           0%         N/A       98%         4
 Summon Mana Viper        Hex/Summ       0%         N/A       100%        5


Dungeon Overview and Level Annotations

Branches:
Dungeon (3/15)

Altars:


Innate Abilities, Weirdness & Mutations

You are partially covered in molten scales. (AC +2)
You may rarely emit foul miasma when damaged in melee.
You have a small tail.


Message History

Found a robe.
No target in view!
An endoplasm comes into view.
The endoplasm quivers.
The endoplasm hits you but does no damage.
You hit the endoplasm.
You kill the endoplasm!
No target in view!
No target in view!
No target in view!
No target in view!
No target in view!
No target in view!
Found a stone staircase leading up.
No target in view!
An ogre comes into view. It is wielding a +0 giant club.
The ogre shouts!
You hit the ogre.
The ogre is lightly wounded.
The ogre hits you with a +0 giant club!
You hit the ogre.
The ogre is lightly wounded.
You hit the ogre.
The ogre is moderately wounded.
The ogre hits you with a +0 giant club!
You emit a cloud of foul miasma!
You are too injured to fight recklessly!
You are too injured to fight recklessly!
You are too injured to fight recklessly!
You are too injured to fight recklessly!
You are too injured to fight recklessly!
You are too injured to fight recklessly!
You are too injured to fight recklessly!
Unknown command.
You hit the ogre.
The ogre is heavily wounded.
The ogre is engulfed in dark miasma.
The ogre is poisoned.
The ogre seems to slow down.
The ogre hits you with a +0 giant club!!
Ouch! That really hurt!
You die...

... #.# #.#
#.# #.# # #.#
<# #.###.##.##
#.....@O..###
#####........'
####.#...####
#........# ...
#.##.###.# ...
#.##.# .# ...
#.##.. ..# #'#
#.######. #.#
#.# #. #.#


You could see an ogre (poisoned, slow).

Vanquished Creatures
  A bombardier beetle (D:3)
  An adder (D:3)
  A dart slug (D:1)
  An orc (D:3)
  7 ball pythons
  5 endoplasms
  2 giant cockroaches
  2 goblins
  3 hobgoblins
  3 kobolds
  2 quokkas (D:1)
  3 bats
  2 frilled lizards
  4 rats
37 creatures vanquished.

Notes
Turn   | Place    | Note
-------+----------+-------------------------------------------
     0 | D:1      | Gadfly the Demonspawn Monk began the quest for the Orb.
     0 | D:1      | Reached XP level 1. HP: 18/18 MP: 1/1
   184 | D:1      | Gained mutation: You may rarely emit foul miasma when
                  | damaged in melee. [demonic ancestry]
   184 | D:1      | Reached XP level 2. HP: 24/24 MP: 2/2
   235 | D:1      | Reached skill level 1 in Evocations
   286 | D:1      | Found a faded altar of an unknown god.
   286 | D:1      | You fall into a shaft and drop 1 floor!
   719 | D:1      | Reached skill level 1 in Shapeshifting
  1016 | D:2      | Gained mutation: You are partially covered in molten
                  | scales. (AC +2) [demonic ancestry]
  1016 | D:2      | Reached XP level 3. HP: 25/29 MP: 3/3
  1372 | D:2      | Identified the +4 shortbow of the Unkillable {freeze, rN+
                  | Int-5 SInv}
  1833 | D:3      | Gained mutation: You have a small tail. [demonic ancestry]
  1833 | D:3      | Reached XP level 4. HP: 19/35 MP: 4/4
  1913 | D:3      | Got the Directory of Anathema
  2027 | D:3      | Noticed an ogre
  2032 | D:3      | Mangled by an ogre

Illustrated notes

Levels and vault maps discovered:
D:1:      erik_arrival_triangle_medium, layout_basic,
          ebering_ecumenical_altar_rust
D:2:      layout_basic, serial_forest, infiniplex_forest_clump_C,
          infiniplex_forest_lined_2, infiniplex_forest_clump_double,
          infiniplex_forest_clump_C, infiniplex_forest_pool,
          infiniplex_forest_lined_3_way
D:3:      layout_loops_corners

Skill      XL: |  1  2  3 |
---------------+----------+-----
Evocations     | 1 2 |  2.2
Shapeshifting  | 1 |  1.6
Dodging        | 3 |  3.1
Unarmed Combat | 3 |  3.0
Fighting       | |  3.0

Action                     |  1- 3 |  4- 6 || total
---------------------------+-------+-------++-------
  Melee: Unarmed           |   116 |     5 ||   121
    Use: Scroll            |     6 |     2 ||     8
   Stab: Sleeping          |     1 |       ||     1
 Armour: Robe              |    39 |     4 ||    43
  Dodge: Dodged            |    71 |       ||    71
